[Event "Team 45 45 League T39"]
[Site "Internet Chess Club"]
[Date "2008.10.23"]
[Round "1"]
[White "noblitz-oblige"]
[Black "Gupta"]
[Result "1-0"]
[WhiteElo "1582"]
[BlackElo "1525"]
[Opening "French: Steinitz variation"]
[ECO "C11"]
[Time "20:30:36"]
[TimeControl "2700+45"]

1. e4 e6 2. d4 d5 3. Nc3 Nf6 4. e5 Nfd7 5. Nf3 c5 6. dxc5 Bxc5 7. Bd3 Nc6 8. Bf4
Qb6 9. O-O Qxb2 10. Nb5 Rb8 11. Bd2 d4 12. Qe2 a6 13. Rfb1 Qxa1 14. Rxa1 axb5
15. Bxb5 O-O 16. Rb1 Nb6 17. Qe4 Bd7 18. Bd3 g6 19. Bh6 f5 20. exf6 Rxf6 21. Ne5
Nxe5 22. Qxe5 Nd5 23. Qxb8+ {Black resigns} 1-0

[Event "Team 45 45 League T39"]
[Site "Internet Chess Club"]
[Date "2008.10.23"]
[Round "1"]
[White "LIVVI"]
[Black "PostMike"]
[Result "0-1"]
[WhiteElo "1436"]
[BlackElo "1592"]
[Opening "Queen's pawn: Yusupov-Rubinstein system"]
[ECO "A46"]
[Time "10:00:15"]
[TimeControl "2700+45"]

1. d4 Nf6 2. Nf3 e6 3. e3 c5 4. Bd3 cxd4 5. exd4 d5 6. Qe2 Bd6 7. O-O O-O 8. Bg5
h6 9. Bh4 Nbd7 10. Re1 a6 11. c3 b5 12. Nbd2 Qc7 13. Bxf6 Nxf6 14. Ne5 Bd7 15.
Ndf3 Rfb8 16. Nxd7 Nxd7 17. Qc2 e5 18. Bf5 e4 19. Ne5 Bxe5 20. dxe5 Nxe5 21. Qd2
Nd3 22. Bg4 Nxe1 23. Rxe1 Rd8 24. Re3 Qf4 25. Bd1 Rd6 26. g3 Qf6 27. Bc2 Rad8
28. Qe2 g6 29. Qg4 Qf5 30. h3 Qxg4 31. hxg4 a5 32. Kg2 f5 33. Kh3 Kf7 34. gxf5
gxf5 35. Kh4 d4 36. Bb3+ Kf6 37. cxd4 Rxd4 38. Rc3 a4 39. Rc6+ R8d6 40. Rxd6+
Rxd6 41. Bg8 Rd2 42. Kh5 Rxf2 43. Kxh6 Rh2# {White checkmated} 0-1

[Event "Team 45 45 League T39"]
[Site "Internet Chess Club"]
[Date "2008.10.25"]
[Round "1"]
[White "gezira"]
[Black "f5"]
[Result "1-0"]
[WhiteElo "2272"]
[BlackElo "2171"]
[Opening "Sicilian defense"]
[ECO "B30"]
[Time "02:02:59"]
[TimeControl "2700+45"]

1. e4 c5 2. Nf3 Nc6 3. Nc3 g6 4. Bb5 Bg7 5. O-O Nd4 6. Bc4 d6 7. d3 Nf6 8. Nxd4
cxd4 9. Nd5 O-O 10. Nxf6+ Bxf6 11. Bh6 Bg7 12. Bxg7 Kxg7 13. Rc1 Qb6 14. Rb1 Bd7
15. Qf3 e5 16. c3 Be6 17. Bxe6 fxe6 18. Qh3 Rf6 19. Rbc1 Raf8 20. Rc2 h5 21.
cxd4 Qxd4 22. Qg3 R8f7 23. Re2 Rc7 24. Rd1 a5 25. Rde1 a4 26. Qh3 a3 27. bxa3
Rc3 28. Rd2 Rxa3 29. Rb1 b6 30. Qe3 Qxe3 31. fxe3 d5 32. Rxb6 dxe4 33. Rb3 Ra4
34. dxe4 Rxe4 35. a3 Rf7 36. h3 Ra4 37. Ra2 e4 38. Rb6 Rf6 39. Rb4 Ra5 40. Rxe4
e5 41. a4 Rb6 42. Kf2 Kf6 43. Rc4 Ke6 44. Ke2 Kd5 45. Rac2 Rba6 46. e4+ Kd6 47.
Ra2 Rb6 48. Rd2+ Ke6 49. Rdc2 Kd6 50. h4 Rba6 51. Ra2 Rb6 52. g3 Ke6 53. Ra3
Rb2+ 54. Ke3 Rb6 55. Rac3 Kd6 56. Kf2 Rba6 57. Ra3 Rb6 58. Rd3+ Ke6 59. Rdc3 Kd6
60. Ke3 Rba6 61. Ra3 Rb6 62. Kf3 Rba6 63. g4 Ke6 64. g5 Rb6 65. Rac3 Kd6 66. Kg3
Rba6 67. Rc7 Rxa4 68. Rg7 Ra3 69. Rxg6+ Ke7 70. Rg7+ Ke6 71. Rc7 Rxc3+ 72. Rxc3
Ra4 73. Rc6+ Kf7 74. Rh6 Rxe4 75. Rxh5 Kg7 76. Kf3 Rf4+ 77. Ke3 Ra4 78. Rh6 Rg4
79. Kf3 Rf4+ 80. Kg3 Re4 81. h5 Re1 82. Kg4 Rg1+ 83. Kf5 Rf1+ 84. Kxe5 Re1+ 85.
Kf4 Rf1+ 86. Ke3 Rg1 87. Rg6+ Kh7 88. Kf4 Rh1 89. Rh6+ Kg7 90. Rg6+ Kh7 91. Kf5
Rf1+ 92. Ke6 Rh1 93. Kf7 {Black resigns} 1-0

[Event "Team 45 45 League T39"]
[Site "Internet Chess Club"]
[Date "2008.10.23"]
[Round "1"]
[White "champ209"]
[Black "alin"]
[Result "0-1"]
[WhiteElo "1906"]
[BlackElo "2105"]
[Opening "Giuoco Piano"]
[ECO "C50"]
[Time "14:11:19"]
[TimeControl "2700+45"]

1. e4 e5 2. Nf3 Nc6 3. Bc4 Bc5 4. d4 exd4 5. c3 Nf6 6. e5 d5 7. Bb5 Ne4 8. cxd4
Bb6 9. Nc3 O-O 10. O-O Bg4 11. Bxc6 bxc6 12. Be3 Nxc3 13. bxc3 f6 14. Bf4 Bxf3
15. gxf3 fxe5 16. Bxe5 c5 17. Kh1 Qd7 18. Rg1 g6 19. Rg5 Rae8 20. Qd3 Rf7 21.
Rag1 Kf8 22. f4 c6 23. Qg3 Bd8 24. Rg4 cxd4 25. cxd4 Bf6 26. Bxf6 Rxf6 27. Qh4
Rf5 28. Rg5 Rxg5 29. Rxg5 Kg7 30. f5 Qe7 31. fxg6 h6 32. Rh5 Qxh4 33. Rxh4 Kxg6
34. Rg4+ Kf5 35. Rg7 Ke4 36. Rc7 Re6 37. Rxa7 Kxd4 38. Ra4+ Kc3 39. Rh4 d4 40.
a4 d3 41. Rh3 Kc2 {White resigns} 0-1

[Event "Team 45 45 League T39"]
[Site "Internet Chess Club"]
[Date "2008.10.26"]
[Round "1"]
[White "sorinc"]
[Black "wonderboy"]
[Result "0-1"]
[WhiteElo "1933"]
[BlackElo "1938"]
[Opening "Giuoco Piano"]
[ECO "C50"]
[Time "09:46:19"]
[TimeControl "2700+45"]

1. e4 e5 2. Nf3 Nc6 3. Bc4 Bc5 4. O-O Nf6 5. d3 O-O 6. c3 d6 7. Nbd2 a6 8. a3
Ba7 9. h3 Be6 10. Bxe6 fxe6 11. Qb3 Qc8 12. Nc4 Kh8 13. Ne3 h6 14. Nh4 Kh7 15.
Qd1 g5 16. Nf3 Ne7 17. h4 g4 18. Nh2 h5 19. Nexg4 hxg4 20. Nxg4 Neg8 21. Bg5 Qd7
22. Kh1 Qg7 23. f4 exf4 24. Rxf4 Nh5 25. Rf3 Rxf3 26. gxf3 Rf8 27. Kg2 Nf4+ 28.
Kg3 Nh5+ 29. Kh3 Ngf6 30. Qd2 Nxg4 31. fxg4 Rf3+ 32. Kg2 Rf2+ 33. Qxf2 Bxf2 34.
Kxf2 Qf7+ 35. Ke3 Nf6 36. Rg1 e5 37. Rg2 Qe6 38. Kf3 d5 39. Be3 dxe4+ 40. dxe4
Nxe4 41. Ke2 Qc4+ 42. Ke1 Qd3 {White resigns} 0-1

[Event "Team 45 45 League T39"]
[Site "Internet Chess Club"]
[Date "2008.10.27"]
[Round "1"]
[White "AntonioMendonca"]
[Black "mugurelt"]
[Result "0-1"]
[WhiteElo "1658"]
[BlackElo "1697"]
[Opening "Sicilian"]
[ECO "B54"]
[Time "16:11:10"]
[TimeControl "2700+45"]

1. e4 c5 2. Nf3 d6 3. d4 cxd4 4. Nxd4 a6 5. f4 e5 6. Nb3 Nc6 7. Nc3 Nf6 8. Be3
Ng4 9. Qd2 Nxe3 10. Qxe3 exf4 11. Qxf4 Be7 12. O-O-O Bg5 13. Rxd6 Bxf4+ {White
resigns} 0-1

[Event "Team 45 45 League T39"]
[Site "Internet Chess Club"]
[Date "2008.10.22"]
[Round "1"]
[White "BadHabitMarco"]
[Black "Majamutu"]
[Result "1/2-1/2"]
[WhiteElo "1999"]
[BlackElo "2051"]
[Opening "Sicilian: Pelikan (Lasker/Sveshnikov) variation"]
[ECO "B33"]
[Time "14:30:04"]
[TimeControl "2700+45"]

1. e4 c5 2. Nf3 Nc6 3. d4 cxd4 4. Nxd4 Nf6 5. Nc3 e5 6. Ndb5 d6 7. Nd5 Nxd5 8.
exd5 Nb8 9. Qf3 a6 10. Qa3 Be7 11. Bg5 f6 12. Bd2 O-O 13. Ba5 b6 14. Bb4 axb5
15. Qxa8 Qc7 16. Qa3 Na6 17. Bd3 f5 18. O-O e4 19. Bxb5 Nxb4 20. Qxb4 Bf6 21.
Bc6 Be5 22. a4 Qd8 23. f4 exf3 24. Rxf3 f4 25. a5 bxa5 26. Rxa5 Qf6 27. Ra8 Bxb2
28. c3 Bc1 29. Qe4 Be3+ 30. Qxe3 fxe3 31. Rxf6 gxf6 32. Kf1 Bg4 33. Rxf8+ Kxf8
34. h3 Bd1 35. Ke1 e2 36. Bd7 Bb3 37. Kxe2 Bxd5 38. g3 Ke7 39. Bf5 h6 40. Ke3
Bb3 41. Kf4 Bd1 42. Ke3 d5 43. Kd4 Kd6 44. h4 Bf3 45. Bd3 Bg2 46. Be2 Bh3 47.
Bh5 Be6 48. Bg6 Bg8 49. Bf5 Bf7 50. Bd3 Be6 51. Be2 Bf7 52. Bg4 Bg8 53. Bc8 Bf7
54. Bg4 Bg8 55. Ke3 Ke5 56. Bc8 Bh7 57. Bd7 Bg6 58. Bc8 Bh7 59. Bg4 Bg6 60. Bc8
Bh7 {Game drawn by repetition} 1/2-1/2

[Event "Team 45 45 League T39"]
[Site "Internet Chess Club"]
[Date "2008.10.24"]
[Round "1"]
[White "RedAttack"]
[Black "andy4226uk"]
[Result "0-1"]
[WhiteElo "1970"]
[BlackElo "1867"]
[Opening "Benkö gambit accepted"]
[ECO "A58"]
[Time "19:21:56"]
[TimeControl "2700+45"]

1. d4 Nf6 2. c4 c5 3. d5 b5 4. cxb5 a6 5. bxa6 g6 6. Nc3 Bxa6 7. Nf3 Bg7 8. g3
d6 9. Bg2 Nbd7 10. O-O Nb6 11. Re1 O-O 12. Bg5 Nc4 13. Qc1 Ng4 14. h3 Nge5 15.
Rb1 Re8 16. b3 Nxf3+ 17. Bxf3 Qa5 18. Na4 Ne5 19. Bg2 c4 20. Bd2 Qc7 21. f4 Nd7
22. e4 Rec8 23. Qc2 Bb5 24. Be3 Bxa4 25. bxa4 Qa5 26. Rec1 Kf8 27. Bf1 c3 28.
Bb5 Nc5 29. Bc6 Rab8 30. Rb5 Rxb5 31. axb5 Qb4 32. Bxc5 Qxc5+ 33. Kh2 Bd4 34. a4
Qa3 35. Rd1 Bb6 36. f5 Rc7 37. Rf1 Ra7 38. fxg6 hxg6 39. e5 Qb2 40. Rc1 Rxa4 41.
exd6 exd6 42. Bd7 Ra1 {White resigns} 0-1

[Event "Team 45 45 League T39"]
[Site "Internet Chess Club"]
[Date "2008.10.26"]
[Round "1"]
[White "frank001"]
[Black "Karpyan"]
[Result "1-0"]
[WhiteElo "1908"]
[BlackElo "1864"]
[Opening "French: advance, Paulsen attack"]
[ECO "C02"]
[Time "05:30:28"]
[TimeControl "2700+45"]

1. e4 e6 2. d4 d5 3. e5 c5 4. c3 Nc6 5. Nf3 Qb6 6. a3 c4 7. Nbd2 f6 8. Be2 fxe5
9. Nxe5 Nxe5 10. dxe5 Bc5 11. O-O Ne7 12. b4 cxb3 13. Nxb3 O-O 14. Nxc5 Qxc5 15.
Qd3 Bd7 16. Rb1 b6 17. Qh3 Rac8 18. Bd3 g6 19. Bg5 Rf7 20. Rbc1 Nc6 21. Bf6 Ne7
22. a4 Qa3 23. Kh1 Rxc3 24. Rxc3 Qxc3 25. Bxg6 Qxh3 26. Bxf7+ Kxf7 27. gxh3 Bxa4
28. Rc1 Nc6 29. Kg2 a5 30. Kf3 Kg6 31. Ke3 Kf5 32. f4 d4+ 33. Kf3 d3 34. Rg1 h6
35. Ke3 Nb4 36. Bg7 Nd5+ 37. Kxd3 Nxf4+ 38. Ke3 Nxh3 39. Rg3 Ng5 40. Bxh6 Nf7
41. Rf3+ Kg6 42. Rf6+ Kh5 43. Rxf7 Kxh6 44. Rf6+ Kg7 45. Rxe6 b5 46. Ra6 Kf7 47.
Rxa5 Ke6 48. Kd4 Kd7 49. Ra6 Bb3 50. Kc5 Bc4 51. h4 Be2 52. Rb6 Ke7 53. Kd5 Kd7
54. Rb7+ Ke8 55. Kd6 Kf8 56. e6 {Black resigns} 1-0

[Event "Team 45 45 League T39"]
[Site "Internet Chess Club"]
[Date "2008.10.26"]
[Round "1"]
[White "fredd"]
[Black "scottrugby"]
[Result "0-1"]
[WhiteElo "1471"]
[BlackElo "1528"]
[Opening "Queen's pawn: Torre attack"]
[ECO "A46"]
[Time "23:03:31"]
[TimeControl "2700+45"]

1. d4 Nf6 2. Nf3 e6 3. Bg5 h6 4. Bh4 c5 5. e4 g5 6. Bg3 Nxe4 7. Ne5 Nxg3 8. hxg3
Bg7 9. f4 a6 10. d5 d6 11. Nxf7 Kxf7 12. Qh5+ Kf8 13. c3 Qe8 14. Qf3 exd5+ 15.
Be2 Qf7 16. O-O g4 17. Qd3 d4 18. Qd1 Nc6 19. Na3 b5 20. Bxg4 Bxg4 21. Qxg4 dxc3
22. bxc3 Bxc3 23. Rad1 Bd4+ 24. Kh1 h5 25. Qf3 h4 26. g4 Rc8 27. g5 Qf5 28. Rde1
d5 29. Re2 Rh7 30. Rfe1 Re7 31. Qh5 Rce8 32. Qh6+ Bg7 33. Qxc6 Rxe2 34. Qxc5+
Kg8 35. Rxe2 Rxe2 36. Qd6 Qe4 37. Qd8+ Kh7 38. g6+ Qxg6 39. Qxh4+ Qh6 40. Qxh6+
Bxh6 41. g3 Rxa2 {White resigns} 0-1

[Event "Team 45 45 League T39"]
[Site "Internet Chess Club"]
[Date "2008.10.25"]
[Round "1"]
[White "LIVVI"]
[Black "AtomicDog"]
[Result "1-0"]
[WhiteElo "1520"]
[BlackElo "1563"]
[Opening "Queen's pawn game"]
[ECO "D05"]
[Time "09:56:03"]
[TimeControl "2700+45"]

1. d4 Nf6 2. Nf3 e6 3. e3 d5 4. Bd3 c5 5. c4 cxd4 6. exd4 Bb4+ 7. Bd2 Bxd2+ 8.
Nbxd2 Nc6 9. a3 dxc4 10. Nxc4 Nxd4 11. Nxd4 Qxd4 12. O-O e5 13. Nxe5 O-O 14.
Bxh7+ {Black resigns} 1-0

[Event "Team 45 45 League T39"]
[Site "Internet Chess Club"]
[Date "2008.10.26"]
[Round "1"]
[White "conron"]
[Black "rd00d"]
[Result "1-0"]
[WhiteElo "1347"]
[BlackElo "1222"]
[Opening "Sicilian: Grand Prix attack"]
[ECO "B21"]
[Time "18:57:50"]
[TimeControl "2700+45"]

1. e4 c5 2. f4 d6 3. Bb5+ Bd7 4. Bxd7+ Nxd7 5. Nf3 e6 6. Nc3 Ngf6 7. O-O Be7 8.
d3 O-O 9. e5 dxe5 10. fxe5 Nd5 11. Nxd5 exd5 12. Qe1 Re8 13. Qg3 Qb6 14. Qg4
Rad8 15. Qf5 g6 16. Qh3 Qe6 17. Qh6 Nxe5 18. Ng5 Bxg5 19. Bxg5 Rd7 20. Bf6 Qxf6
21. Rxf6 Ng4 22. Qg5 Nxf6 23. Qxf6 Rde7 24. Rf1 Rf8 25. Qxe7 {Black resigns} 1-0

[Event "Team 45 45 League T39"]
[Site "Internet Chess Club"]
[Date "2008.10.26"]
[Round "1"]
[White "theartist"]
[Black "t-hobbes"]
[Result "1/2-1/2"]
[WhiteElo "1248"]
[BlackElo "1306"]
[Opening "QGD: exchange, positional line"]
[ECO "D35"]
[Time "12:31:22"]
[TimeControl "2700+45"]

1. d4 d5 2. c4 e6 3. Nc3 Nf6 4. cxd5 exd5 5. Bg5 Be7 6. Nf3 Nc6 7. e3 O-O 8. Bd3
Nb4 9. a3 Nxd3+ 10. Qxd3 Bg4 11. Ne5 Be6 12. O-O c5 13. Bxf6 Bxf6 14. Nf3 Qb6
15. Qb5 Rac8 16. Qxb6 axb6 17. Rac1 c4 18. Nb5 Rc6 19. Rfe1 Be7 20. Ne5 Rcc8 21.
e4 Rfd8 22. f4 f5 23. exf5 Bxf5 24. Nc3 Bf6 25. Re3 Rd6 26. Rce1 Rf8 27. Nb5
Rdd8 28. Nc3 Bh4 29. g3 Bf6 30. Nb5 {Game drawn by mutual agreement} 1/2-1/2

[Event "Team 45 45 League T39"]
[Site "Internet Chess Club"]
[Date "2008.10.26"]
[Round "1"]
[White "Just-Jim"]
[Black "vaknight"]
[Result "0-1"]
[WhiteElo "1416"]
[BlackElo "1587"]
[Opening "Sicilian defense"]
[ECO "B20"]
[Time "18:30:08"]
[TimeControl "2700+45"]

1. e4 c5 2. Bc4 e6 3. Nc3 Nc6 4. a3 a6 5. Nf3 Qc7 6. d3 Nf6 7. h3 Be7 8. O-O O-O
9. Re1 d6 10. Bf4 Nd7 11. Ba2 h6 12. Qe2 b5 13. e5 d5 14. Bg3 Nb6 15. Rab1 Bd7
16. Red1 b4 17. axb4 cxb4 18. Nxd5 Nxd5 19. Bxd5 exd5 20. e6 Bd6 21. exd7 Bxg3
22. fxg3 Qxd7 23. g4 Rfe8 24. Qd2 Qd6 25. b3 d4 26. Nh4 Re6 27. Rf1 Rae8 28. Qf2
Qd7 29. Nf5 Re2 30. Qf3 Rxc2 31. Nd6 Ree2 32. Qxf7+ Qxf7 33. Rxf7 Rxg2+ 34. Kf1
Rh2 35. Rc7 Rh1# {White checkmated} 0-1

[Event "Team 45 45 League T39"]
[Site "Internet Chess Club"]
[Date "2008.10.26"]
[Round "1"]
[White "SeniorCitizen"]
[Black "forsyth"]
[Result "0-1"]
[WhiteElo "1384"]
[BlackElo "1402"]
[Opening "Caro-Kann: exchange variation"]
[ECO "B13"]
[Time "17:00:08"]
[TimeControl "2700+45"]

1. e4 c6 2. d4 d5 3. exd5 cxd5 4. Bd3 Nc6 5. Nf3 Bg4 6. O-O Nf6 7. Nbd2 e6 8.
Qe1 Qb6 9. c3 Be7 10. Ne5 Nxe5 11. Qxe5 O-O 12. Nb3 Rac8 13. Qg3 Bd6 14. Bf4
Bxf4 15. Qxf4 Qc7 16. Qxc7 Rxc7 17. f3 Bh5 18. h3 Bg6 19. Bxg6 hxg6 20. Kh2 b6
21. Nd2 Rfc8 22. Rac1 b5 23. a3 a5 24. Nb1 b4 25. axb4 axb4 26. Rf2 Ne8 27. Kg3
Nd6 28. f4 Ne4+ {White resigns} 0-1

[Event "Team 45 45 League T39"]
[Site "Internet Chess Club"]
[Date "2008.10.25"]
[Round "1"]
[White "Conjurer"]
[Black "gaboonzoom"]
[Result "0-1"]
[WhiteElo "1339"]
[BlackElo "1479"]
[Opening "English opening"]
[ECO "A21"]
[Time "12:03:34"]
[TimeControl "2700+45"]

1. c4 e5 2. Nc3 f5 3. g3 Nc6 4. Bg2 Bc5 5. e3 d6 6. Nge2 Qe7 7. O-O Qf7 8. b3
Nf6 9. d4 exd4 10. exd4 Bb6 11. Re1 Ne7 12. Nf4 c6 13. Ba3 Bc7 14. d5 c5 15. Ne6
Bxe6 16. dxe6 Qg6 17. Bxb7 Rb8 18. Bg2 f4 19. Nb5 Ba5 20. Nxd6+ Kf8 21. Re2 h5
22. h4 Rd8 23. Bxc5 fxg3 24. fxg3 Qxg3 25. Bf2 Bb6 26. Bxb6 axb6 27. Qd4 Rxd6
28. Qf2 Qg4 29. Rae1 Rh6 30. Re4 Qg6 31. Re5 Kg8 32. Kh1 Ng4 33. Qf7+ Qxf7 34.
exf7+ Kxf7 35. Rxe7+ Kf6 36. Bd5 Kf5 37. Rf7+ Kg6 38. Re6+ Kh7 39. Re8 Nf6 40.
Be4+ Nxe4 41. Rxe4 Rd1+ 42. Kg2 Rd2+ 43. Kf1 Rg6 44. a4 Rgg2 45. Rf3 Rh2 46. Ke1
Ra2 47. Ref4 Ra1# {White checkmated} 0-1

[Event "Team 45 45 League T39"]
[Site "Internet Chess Club"]
[Date "2008.10.23"]
[Round "1"]
[White "chips"]
[Black "Traho"]
[Result "1/2-1/2"]
[WhiteElo "1168"]
[BlackElo "1216"]
[Opening "QGD Slav defense"]
[ECO "D10"]
[Time "22:00:24"]
[TimeControl "2700+45"]

1. c4 c6 2. d4 d5 3. c5 Nd7 4. b4 e5 5. Be3 e4 6. Bf4 Ngf6 7. e3 h6 8. h3 b6 9.
Ne2 Ba6 10. Qa4 Qc8 11. Qd1 Nh5 12. Bh2 Be7 13. g3 Bd8 14. Bg2 Bc7 15. O-O Nhf6
16. a3 O-O 17. f4 Nh7 18. Rf2 f5 19. Bf1 Ndf6 20. Nec3 Bxf1 21. Kxf1 Qa6+ 22.
Qe2 Qxe2+ 23. Rxe2 b5 24. Rea2 a5 25. Kg2 a4 26. Nd2 h5 27. h4 Ng4 28. Bg1 g6
29. Bf2 {Game drawn by mutual agreement} 1/2-1/2

[Event "Team 45 45 League T39"]
[Site "Internet Chess Club"]
[Date "2008.10.25"]
[Round "1"]
[White "AlPearson"]
[Black "littleboo"]
[Result "0-1"]
[WhiteElo "1478"]
[BlackElo "1514"]
[Opening "English opening"]
[ECO "A20"]
[Time "12:00:17"]
[TimeControl "2700+45"]

1. c4 e5 2. g3 d5 3. cxd5 Nf6 4. Bg2 Nxd5 5. Nc3 Nb6 6. d3 Bc5 7. Nf3 Nc6 8. O-O
O-O 9. Bd2 Be6 10. a3 Qd7 11. b4 Bd6 12. Rc1 a5 13. b5 Nd4 14. Nxd4 exd4 15.
Bxb7 dxc3 16. Bc6 Qe7 17. Bxc3 Rad8 18. a4 Bh3 19. Re1 Bb4 20. Bxb4 Qxb4 21. Ra1
Rd4 22. e3 Rdd8 23. d4 h6 24. Qc2 Qc4 25. Rec1 Qxc2 26. Rxc2 Bf5 27. Rc5 Bd3 28.
Rc3 Be2 29. Rc2 Bc4 30. Rac1 Bb3 31. Rc3 Bxa4 32. Ra3 Rb8 33. Rca1 Bc2 34. Rxa5
Nc4 35. Ra7 Bd3 36. Rxc7 Nd6 37. Raa7 Nxb5 38. Bxb5 Rxb5 39. Ra2 Rfb8 40. Raa7
Rb1+ 41. Kg2 Be4+ 42. Kh3 Bd5 43. Rd7 Be6+ 44. Kg2 Bxd7 45. Rxd7 R1b7 46. Rd5
Kf8 47. Ra5 Rb2 48. Ra1 Ke7 49. Rd1 Ra2 50. d5 Rbb2 51. Rf1 f5 52. Kf3 Rd2 53.
e4 fxe4+ 54. Kxe4 Rxf2 55. Rd1 Rxh2 56. d6+ Kd7 57. Kf5 Rad2 58. Ra1 Kxd6 59.
Ra7 g5 60. Kg4 Ra2 61. Rh7 Ke5 62. Re7+ Kf6 63. Rh7 Ra3 64. Rh8 h5+ 65. Rxh5
Rxh5 66. Kxh5 Rxg3 67. Kh6 Rh3# {White checkmated} 0-1

[Event "Team 45 45 League T39"]
[Site "Internet Chess Club"]
[Date "2008.10.26"]
[Round "1"]
[White "Zyme"]
[Black "MateIn42"]
[Result "1-0"]
[WhiteElo "1464"]
[BlackElo "1381"]
[Opening "QGD: Marshall defense"]
[ECO "A50"]
[Time "21:12:35"]
[TimeControl "2700+45"]

1. d4 Nf6 2. c4 d5 3. cxd5 Nxd5 4. Nf3 Nc6 5. e4 Nf6 6. Nc3 Bg4 7. Be3 Bxf3 8.
Qxf3 Nxd4 9. Qg3 Nc2+ 10. Ke2 Nxa1 11. Kf3 Nc2 12. Nb5 Ne1+ 13. Ke2 Qd3+ 14.
Kxe1 Qb1+ 15. Ke2 Qxb2+ 16. Kf3 e5 17. Nxc7+ Kd7 18. Nxa8 Be7 19. Qxg7 Rxa8 20.
Bc4 Rc8 21. Rd1+ Kc6 22. Qxf7 Qc2 23. Qe6+ Kc7 24. Qxe7+ Kb8 25. Bb3 Qxe4+ 26.
Ke2 Rc2+ 27. Bxc2 Qxc2+ 28. Ke1 Qc3+ 29. Bd2 Qc6 30. Qd8+ Qc8 31. Qxc8+ Kxc8 32.
Rc1+ Kd7 33. Bc3 Ke6 34. f3 Nd5 35. Kd2 b5 36. Re1 Nxc3 37. Kxc3 a5 38. f4 h6
39. Rxe5+ {Black resigns} 1-0

[Event "Team 45 45 League T39"]
[Site "Internet Chess Club"]
[Date "2008.10.25"]
[Round "1"]
[White "Fogbound"]
[Black "Esslinger"]
[Result "1-0"]
[WhiteElo "1322"]
[BlackElo "1098"]
[Opening "Queen's pawn: London system"]
[ECO "A45"]
[Time "08:00:24"]
[TimeControl "2700+45"]

1. d4 Nf6 2. Bf4 g6 3. e3 Bg7 4. Nf3 O-O 5. Bd3 d6 6. c3 Nh5 7. Bg5 h6 8. Bh4 g5
9. Bxg5 hxg5 10. Nxg5 Nf6 11. Qf3 Bg4 12. Qg3 Qd7 13. f3 Bf5 14. e4 Bg6 15. Nd2
Re8 16. O-O e5 17. Qf2 Qe7 18. Rfe1 Ng4 19. Qh4 Bf6 20. Qxg4 Bxg5 21. Nf1 Nd7
22. Ng3 Qf6 23. Qxd7 Re7 24. Qh3 Qf4 25. Rad1 Kg7 26. Nf5+ Bxf5 27. exf5 Rh8 28.
f6+ Qxf6 29. Qg4 Rh4 30. Qg3 Re8 31. dxe5 dxe5 32. Re4 Rh5 33. Rde1 Reh8 34. h3
Qb6+ 35. Qf2 Qxf2+ 36. Kxf2 Bh4+ 37. Kf1 Bxe1 38. Kxe1 f6 39. Rg4+ Kf7 40. Bg6+
Kg7 41. Bxh5+ Kf8 42. Bg6 Rg8 43. Ke2 Ke7 44. Ke3 Rd8 45. Bd3 Ke6 46. Rg7 Kd6
47. Rf7 Ke6 48. Rxc7 Rg8 49. Bc4+ {Black resigns} 1-0

[Event "Team 45 45 League T39"]
[Site "Internet Chess Club"]
[Date "2008.10.24"]
[Round "1"]
[White "ErycC"]
[Black "alaskauk"]
[Result "1/2-1/2"]
[WhiteElo "1517"]
[BlackElo "1516"]
[Opening "Bird's opening"]
[ECO "A02"]
[Time "10:08:57"]
[TimeControl "2700+45"]

1. f4 Nf6 2. Nf3 b6 3. b3 Bb7 4. e3 e6 5. Be2 Nc6 6. Bb2 Be7 7. O-O d6 8. Bb5 a6
9. Bd3 Qd7 10. Nc3 Nb4 11. Be2 O-O-O 12. Ng5 Rdf8 13. a3 Nc6 14. Bf3 h6 15. Nh3
Kb8 16. Nf2 Nd8 17. Nce4 Rfg8 18. Nxf6 gxf6 19. Ne4 Bxe4 20. Bxe4 d5 21. Bd3 Ka7
22. Qe2 Qc8 23. a4 Nc6 24. Qh5 Qe8 25. Be2 Rg7 26. Bc3 Qf8 27. a5 b5 28. Qh4
{Game drawn by mutual agreement} 1/2-1/2

[Event "Team 45 45 League T39"]
[Site "Internet Chess Club"]
[Date "2008.10.25"]
[Round "1"]
[White "medsurg"]
[Black "EyeAm"]
[Result "1-0"]
[WhiteElo "1449"]
[BlackElo "1437"]
[Opening "Petrov's defense"]
[ECO "C42"]
[Time "14:00:40"]
[TimeControl "2700+45"]

1. e4 e5 2. Nf3 Nf6 3. d3 Nc6 4. c3 d5 5. Bg5 dxe4 6. Bxf6 Qxf6 7. dxe4 Bg4 8.
Be2 Bd6 9. Nbd2 O-O 10. O-O Rfd8 11. Qc2 a5 12. Nc4 Ne7 13. Nxd6 cxd6 14. h3 Be6
15. Bd3 Qg6 16. Kh2 Qh5 17. Qd2 Bxh3 18. gxh3 Qxf3 19. Rg1 Ng6 20. Rg3 Qf4 21.
Qe2 Nh4 22. Rg1 Kh8 23. Kh1 Rg8 24. Bc4 b6 25. Rg4 Qf3+ 26. Qxf3 Nxf3 27. R1g3
Nd2 28. Bxf7 Rgf8 29. Rxg7 Nxe4 30. Rg2 Rab8 31. f3 Nc5 32. Bd5 Nd3 33. Be4
{Black resigns} 1-0

[Event "Team 45 45 League T39"]
[Site "Internet Chess Club"]
[Date "2008.10.26"]
[Round "1"]
[White "guyd52"]
[Black "malihini"]
[Result "1-0"]
[WhiteElo "1288"]
[BlackElo "1254"]
[Opening "Réti: King's Indian attack (Barcza system)"]
[ECO "A07"]
[Time "17:01:07"]
[TimeControl "2700+45"]

1. Nf3 d5 2. g3 Bf5 3. Bg2 Nf6 4. d3 e6 5. O-O c6 6. Nbd2 h6 7. Re1 Bb4 8. c3
Ba5 9. Nh4 Bh7 10. e4 O-O 11. Nb3 Bb6 12. e5 Ne8 13. d4 Nd7 14. Bf1 Nc7 15. Bd3
Bxd3 16. Qxd3 f6 17. Ng6 Rf7 18. Bf4 fxe5 19. Nxe5 Nxe5 20. Bxe5 Qe7 21. Qg6
Raf8 22. Rf1 Rf5 23. Bf4 Qf7 24. Qxf7+ R8xf7 25. Rae1 g5 26. Bxc7 Bxc7 27. Rxe6
Kg7 28. Nc5 b5 29. Kg2 g4 30. h3 Rxf2+ 31. Rxf2 gxh3+ 32. Kg1 h2+ 33. Rxh2
{Black resigns} 1-0

[Event "Team 45 45 League T39"]
[Site "Internet Chess Club"]
[Date "2008.10.24"]
[Round "1"]
[White "otib2006"]
[Black "wekabird"]
[Result "0-1"]
[WhiteElo "1260"]
[BlackElo "1222"]
[Opening "Caro-Kann defense"]
[ECO "B10"]
[Time "19:04:24"]
[TimeControl "2700+45"]

1. e4 c6 2. Nf3 d5 3. e5 Bf5 4. d4 h6 5. Nc3 e6 6. Bf4 Ne7 7. h3 Ng6 8. Bg3 Be7
9. Bd3 Bxd3 10. Qxd3 O-O 11. h4 Bb4 12. h5 Bxc3+ 13. Qxc3 Ne7 14. O-O-O Nd7 15.
Bh4 Re8 16. g4 Rc8 17. g5 Nf5 18. gxh6 Nxh4 19. Nxh4 Qg5+ 20. Kb1 Qxh6 21. Qf3
c5 22. Rh3 cxd4 23. Rg3 Nxe5 24. Qg2 Qh7 25. Rg1 Qxc2+ 26. Ka1 Qc1+ 27. Rxc1
Rxc1# {White checkmated} 0-1

[Event "Team 45 45 League T39"]
[Site "Internet Chess Club"]
[Date "2008.10.28"]
[Round "1"]
[White "malihini"]
[Black "JimGaming"]
[Result "1-0"]
[WhiteElo "1277"]
[BlackElo "1243"]
[Opening "Sicilian: Alapin's variation (2.c3)"]
[ECO "B22"]
[Time "14:03:24"]
[TimeControl "2700+45"]

1. e4 c5 2. c3 g6 3. d4 cxd4 4. cxd4 d5 5. e5 Bg7 6. Nf3 Bg4 7. h3 Bd7 8. Qb3
Qc7 9. Nc3 a6 10. Nxd5 Qd8 11. Qxb7 Bc6 12. Nc7+ Kf8 13. Qb6 Bb5 14. Nxa8 Qxb6
15. Nxb6 e6 16. Bxb5 axb5 17. Bd2 Ne7 18. Rc1 h5 19. Bb4 f6 20. Rc8+ Kf7 21.
Rxh8 Bxh8 22. O-O Nbc6 23. Bc5 Nd5 24. Nxd5 exd5 25. Re1 Ke6 26. exf6+ Kxf6 27.
Re8 Bg7 28. Rc8 Na5 29. Bf8 Nc4 30. Bxg7+ Kxg7 31. b3 Nb6 32. Rc5 b4 33. Rb5 Nd7
34. Rxd5 Nf6 35. Re5 Kf7 36. d5 Nd7 37. Re4 Nc5 38. Rxb4 Nd3 39. Rd4 Nc5 40.
Ne5+ Kf6 41. d6 Kxe5 42. d7 Ne6 43. Rd1 Nd8 44. a4 Ke6 45. a5 Ke7 46. a6 Nc6 47.
b4 Kd8 48. b5 Na7 49. b6 Nb5 50. b7 {Black resigns} 1-0

[Event "Team 45 45 League T39"]
[Site "Internet Chess Club"]
[Date "2008.10.24"]
[Round "1"]
[White "Gomer"]
[Black "guyd52"]
[Result "0-1"]
[WhiteElo "1130"]
[BlackElo "1272"]
[Opening "King's pawn opening"]
[ECO "B07"]
[Time "16:00:12"]
[TimeControl "2700+45"]

1. e4 d6 2. Nf3 Nf6 3. d3 g6 4. Nc3 Bg7 5. d4 O-O 6. Bc4 Nbd7 7. O-O e5 8. b3 c6
9. Ba3 Qc7 10. Qc1 exd4 11. Nxd4 Nxe4 12. Qe3 Nxc3 13. Qxc3 c5 14. Nb5 Qc6 15.
Qd3 Bxa1 16. Rxa1 Ne5 17. Qc3 a6 18. Nxd6 Qxd6 19. Bb2 Qd4 20. Qxd4 cxd4 21.
Bxd4 Nxc4 22. bxc4 Be6 23. c5 Rfd8 24. Bf6 Rd2 {White resigns} 0-1